TOP OF THE 1ST |
Harrisburg Senators batting - Pitching for Springfield Cardinals : RHP Matt Hamm
|
Pitching: RHP Matt Hamm
|
|
Batting: RHB Kevin Wick
|
0-0: Ground out 6-3 (Groundball, 6, EV 84.4 MPH)
|
Batting: LHB Ben Montgomery
|
0-0: Foul Ball, location: 2F 0-1: Swinging Strike 0-2: Ball 1-2: Ball 2-2: Ground out 4-3 (Groundball, 4, EV 88.8 MPH)
|
Batting: LHB Sidney Pedder
|
0-0: Swinging Strike 0-1: Foul Ball, location: 2F 0-2: Ball 1-2: Strikes out looking
|
Top of the 1st over - 0 runs, 0 hits, 0 errors, 0 left on base; Harrisburg 0 - Springfield 0 |
BOTTOM OF THE 1ST |
Springfield Cardinals batting - Pitching for Harrisburg Senators : LHP Jake Richards
|
Pitching: LHP Jake Richards
|
|
Batting: RHB Daniel Samano
|
0-0: Ground out 5-3 (Groundball, 56S, EV 81.2 MPH)
|
Batting: LHB Yeong-hun Joe
|
0-0: Swinging Strike 0-1: Foul Ball, location: 2F 0-2: Foul Ball, location: 2F 0-2: Ball 1-2: Ball 2-2: SINGLE (Groundball, 34S, EV 69.4 MPH) (infield hit)
|
Batting: SHB Quido van Erp
|
0-0: Called Strike 0-1: Fielders Choice at 2nd, 6-4 (Groundball, 6M, EV 91.9 MPH)
|
Batting: RHB Josh Lyon
|
0-0: Ball 1-0: Ball 2-0: Foul Ball, location: 2F 2-1: Fly out, F8 (Line Drive, 8RD, EV 93.8 MPH)
|
Bottom of the 1st over - 0 runs, 1 hit, 0 errors, 1 left on base; Harrisburg 0 - Springfield 0 |
TOP OF THE 2ND |
Harrisburg Senators batting - Pitching for Springfield Cardinals : RHP Matt Hamm
|
Batting: RHB Donovan Auclair
|
0-0: Ball 1-0: Called Strike 1-1: Called Strike 1-2: Ball 2-2: Strikes out looking
|
Batting: RHB Deshawn Boseman
|
0-0: Foul Ball, location: 2F 0-1: Ball 1-1: Foul Ball, location: 2F 1-2: Ball 2-2: Strikes out swinging
|
Batting: RHB Rene Montoya
|
0-0: Swinging Strike 0-1: Ball 1-1: Swinging Strike 1-2: Ball 2-2: Foul Ball, location: 2F 2-2: Foul Ball, location: 2F 2-2: Foul Ball, location: 2F 2-2: Strikes out swinging
|
Top of the 2nd over - 0 runs, 0 hits, 0 errors, 0 left on base; Harrisburg 0 - Springfield 0 |
BOTTOM OF THE 2ND |
Springfield Cardinals batting - Pitching for Harrisburg Senators : LHP Jake Richards
|
Batting: RHB Jorge Benites
|
0-0: Ball 1-0: Ball 2-0: Fly out, F2 (Popup, 25F, EV 80.6 MPH)
|
Batting: LHB Chris Raymond
|
0-0: SINGLE (Groundball, 4MD, EV 97.5 MPH)
|
Batting: RHB Bryan Wheeler
|
0-0: Swinging Strike 0-1: Reached on error, E8 (Line Drive, 8RD, EV 104.4 MPH) Chris Raymond to second
|
Batting: SHB Josh Conner
|
0-0: Called Strike 0-1: Called Strike 0-2: Ball 1-2: SINGLE (Flyball, 56D, EV 96.9 MPH) Chris Raymond to third Bryan Wheeler to second
|
Batting: RHB Chris Simmons
|
0-0: Called Strike 0-1: Ball 1-1: Ball 2-1: Foul Ball, location: 2F 2-2: Ball 3-2: Strikes out looking
|
Batting: RHB Daniel Samano
|
0-0: Foul Ball, location: 2F 0-1: Ball 1-1: Ball 2-1: Foul Ball, location: 2F 2-2: Ball 3-2: Foul Ball, location: 2F 3-2: Fly out, F7 (Line Drive, 7D, EV 103.1 MPH)
|
Bottom of the 2nd over - 0 runs, 2 hits, 1 error, 3 left on base; Harrisburg 0 - Springfield 0 |
TOP OF THE 3RD |
Harrisburg Senators batting - Pitching for Springfield Cardinals : RHP Matt Hamm
|
Batting: LHB Adam Jacobs
|
0-0: Swinging Strike 0-1: Ball 1-1: Swinging Strike 1-2: Ball 2-2: Ball 3-2: Base on Balls
|
Batting: RHB Marcus Dawson
|
0-0: Swinging Strike 0-1: Ball 1-1: Foul Ball, location: 2F 1-2: SINGLE (Line Drive, 56, EV 110.0 MPH) Adam Jacobs to second
|
Batting: RHB Haykuhi Kagramanian
|
0-0: Grounds into double play, 6-4-3 (Groundball, 6, EV 103.1 MPH) Adam Jacobs to third
|
Batting: RHB Kevin Wick
|
0-0: Swinging Strike 0-1: Called Strike 0-2: Ball 1-2: Foul Ball, location: 2F 1-2: Foul Ball, location: 2F 1-2: Strikes out swinging
|
Top of the 3rd over - 0 runs, 1 hit, 0 errors, 1 left on base; Harrisburg 0 - Springfield 0 |
BOTTOM OF THE 3RD |
Springfield Cardinals batting - Pitching for Harrisburg Senators : LHP Jake Richards
|
Batting: LHB Yeong-hun Joe
|
0-0: Swinging Strike 0-1: Ball 1-1: Swinging Strike 1-2: Strikes out swinging
|
Batting: SHB Quido van Erp
|
0-0: Ball 1-0: Ball 2-0: Foul Ball, location: 2F 2-1: Foul Ball, location: 2F 2-2: Ball 3-2: Foul Ball, location: 2F 3-2: Strikes out swinging
|
Batting: RHB Josh Lyon
|
0-0: Called Strike 0-1: Ball 1-1: Ball 2-1: Fly out, F8 (Flyball, 89XD, EV 78.1 MPH)
|
Bottom of the 3rd over - 0 runs, 0 hits, 0 errors, 0 left on base; Harrisburg 0 - Springfield 0 |
TOP OF THE 4TH |
Harrisburg Senators batting - Pitching for Springfield Cardinals : RHP Matt Hamm
|
Batting: LHB Ben Montgomery
|
0-0: Ball 1-0: Called Strike 1-1: Foul Ball, location: 2F 1-2: Ball 2-2: Strikes out swinging
|
Batting: LHB Sidney Pedder
|
0-0: Foul Ball, location: 2F 0-1: Foul Ball, location: 2F 0-2: Foul Ball, location: 2F 0-2: Strikes out looking
|
Batting: RHB Donovan Auclair
|
0-0: Called Strike 0-1: Foul Ball, location: 2F 0-2: Strikes out swinging
|
Top of the 4th over - 0 runs, 0 hits, 0 errors, 0 left on base; Harrisburg 0 - Springfield 0 |
BOTTOM OF THE 4TH |
Springfield Cardinals batting - Pitching for Harrisburg Senators : LHP Jake Richards
|
Batting: RHB Jorge Benites
|
0-0: Ground out 5-3 (Groundball, 56, EV 106.2 MPH)
|
Batting: LHB Chris Raymond
|
0-0: SINGLE (Line Drive, 8LM, EV 93.8 MPH)
|
Batting: RHB Bryan Wheeler
|
0-0: Ball 1-0: Swinging Strike 1-1: Foul Ball, location: 2F 1-2: Strikes out looking
|
Batting: SHB Josh Conner
|
0-0: Called Strike 0-1: Swinging Strike 0-2: Foul Ball, location: 2F 0-2: Ball 1-2: SINGLE (Groundball, 6MD, EV 109.4 MPH) Chris Raymond to second
|
Batting: RHB Chris Simmons
|
0-0: Ball 1-0: Ball 2-0: Called Strike 2-1: Foul Ball, location: 2F 2-2: Foul Ball, location: 2F 2-2: Ball Passed Ball! Chris Raymond to third Josh Conner to second 3-2: Base on Balls
|
Batting: RHB Daniel Samano
|
0-0: Ground out 4-3 (Groundball, 34, EV 103.1 MPH)
|
Bottom of the 4th over - 0 runs, 2 hits, 0 errors, 3 left on base; Harrisburg 0 - Springfield 0 |
TOP OF THE 5TH |
Harrisburg Senators batting - Pitching for Springfield Cardinals : RHP Matt Hamm
|
Batting: RHB Deshawn Boseman
|
0-0: Ball 1-0: Ball 2-0: Foul Ball, location: 2F 2-1: Swinging Strike 2-2: Foul Ball, location: 2F 2-2: Ball 3-2: Fly out, F7 (Flyball, 78M, EV 90.6 MPH)
|
Batting: RHB Rene Montoya
|
0-0: Swinging Strike 0-1: Foul Ball, location: 2F 0-2: Ball 1-2: Strikes out swinging
|
Batting: LHB Adam Jacobs
|
0-0: Ball 1-0: Called Strike 1-1: Ball 2-1: Ball 3-1: Base on Balls
|
Batting: RHB Marcus Dawson
|
0-0: Called Strike 0-1: Swinging Strike 0-2: Foul Ball, location: 2F 0-2: Strikes out swinging
|
Top of the 5th over - 0 runs, 0 hits, 0 errors, 1 left on base; Harrisburg 0 - Springfield 0 |
BOTTOM OF THE 5TH |
Springfield Cardinals batting - Pitching for Harrisburg Senators : LHP Jake Richards
|
Batting: LHB Yeong-hun Joe
|
0-0: Ball 1-0: Ball 2-0: Foul Ball, location: 2F 2-1: Swinging Strike 2-2: Ground out U3 (Groundball, 3L, EV 101.9 MPH)
|
Batting: SHB Quido van Erp
|
0-0: Ball 1-0: Ball 2-0: Ball 3-0: Base on Balls
|
Batting: RHB Josh Lyon
|
0-0: Ball 1-0: Ball 2-0: Called Strike 2-1: Fly out, F9 (Flyball, 9LD, EV 91.9 MPH)
|
Batting: RHB Jorge Benites
|
0-0: Ball 1-0: Ball 2-0: Swinging Strike 2-1: Called Strike 2-2: Ball 3-2: Ground out 5-3 (Groundball, 5S, EV 71.2 MPH)
|
Bottom of the 5th over - 0 runs, 0 hits, 0 errors, 1 left on base; Harrisburg 0 - Springfield 0 |
TOP OF THE 6TH |
Harrisburg Senators batting - Pitching for Springfield Cardinals : RHP Matt Hamm
|
Batting: RHB Haykuhi Kagramanian
|
0-0: Ball 1-0: Swinging Strike 1-1: Swinging Strike 1-2: Ball 2-2: Foul Ball, location: 2F 2-2: Strikes out looking
|
Batting: RHB Kevin Wick
|
0-0: Called Strike 0-1: Ball 1-1: Called Strike 1-2: Strikes out swinging
|
Batting: LHB Ben Montgomery
|
0-0: Called Strike 0-1: Foul Ball, location: 2F 0-2: Ball 1-2: Ball 2-2: Ball 3-2: Strikes out swinging
|
Top of the 6th over - 0 runs, 0 hits, 0 errors, 0 left on base; Harrisburg 0 - Springfield 0 |
BOTTOM OF THE 6TH |
Springfield Cardinals batting - Pitching for Harrisburg Senators : LHP Jake Richards
|
Pitching: RHP Allen Downing
|
|
Batting: LHB Chris Raymond
|
0-0: Called Strike 0-1: Foul Ball, location: 2F 0-2: Ball 1-2: Strikes out looking
|
Batting: RHB Bryan Wheeler
|
0-0: Ball 1-0: Ball 2-0: Foul Ball, location: 2F 2-1: Ground out U3 (Groundball, 3, EV 90.0 MPH)
|
Batting: SHB Josh Conner
|
0-0: Foul Ball, location: 2F 0-1: Ball 1-1: Foul Ball, location: 2F 1-2: Foul Ball, location: 2F 1-2: Foul Ball, location: 2F 1-2: Ball 2-2: Ball 3-2: Strikes out swinging
|
Bottom of the 6th over - 0 runs, 0 hits, 0 errors, 0 left on base; Harrisburg 0 - Springfield 0 |
TOP OF THE 7TH |
Harrisburg Senators batting - Pitching for Springfield Cardinals : RHP Matt Hamm
|
Pitching: LHP Bryan Whetstine
|
|
Batting: LHB Sidney Pedder
|
0-0: Ball 1-0: Ground out 6-3 (Groundball, 6, EV 83.1 MPH)
|
Pitching: RHP Perry Cashwell
|
|
Batting: RHB Donovan Auclair
|
0-0: Called Strike 0-1: Ball 1-1: Ball 2-1: Ball 3-1: SINGLE (Line Drive, 5D, EV 106.9 MPH)
|
Batting: RHB Deshawn Boseman
|
0-0: Ball 1-0: Ball 2-0: Called Strike 2-1: Grounds into double play, 4-6-3 (Groundball, 4, EV 76.2 MPH)
|
Top of the 7th over - 0 runs, 1 hit, 0 errors, 0 left on base; Harrisburg 0 - Springfield 0 |
BOTTOM OF THE 7TH |
Springfield Cardinals batting - Pitching for Harrisburg Senators : RHP Allen Downing
|
Pitching: RHP Jesus Ruiz
|
|
Batting: RHB Chris Simmons
|
0-0: Ball 1-0: Ground out 6-3 (Groundball, 56, EV 108.8 MPH)
|
Batting: RHB Daniel Samano
|
0-0: Foul Ball, location: 2F 0-1: Foul Ball, location: 2F 0-2: Ball 1-2: Strikes out swinging
|
Batting: LHB Yeong-hun Joe
|
0-0: Ball 1-0: Ball 2-0: Called Strike 2-1: Swinging Strike 2-2: Strikes out looking
|
Bottom of the 7th over - 0 runs, 0 hits, 0 errors, 0 left on base; Harrisburg 0 - Springfield 0 |
TOP OF THE 8TH |
Harrisburg Senators batting - Pitching for Springfield Cardinals : RHP Perry Cashwell
|
Batting: RHB Rene Montoya
|
0-0: Ball 1-0: Ground out 5-3 (Groundball, 5, EV 105.6 MPH)
|
Batting: LHB Adam Jacobs
|
0-0: Ground out 4-3 (Groundball, 4, EV 88.8 MPH)
|
Batting: RHB Marcus Dawson
|
0-0: Called Strike 0-1: Called Strike 0-2: Ground out 5-3 (Groundball, 5, EV 87.5 MPH)
|
Top of the 8th over - 0 runs, 0 hits, 0 errors, 0 left on base; Harrisburg 0 - Springfield 0 |
BOTTOM OF THE 8TH |
Springfield Cardinals batting - Pitching for Harrisburg Senators : RHP Jesus Ruiz
|
Pitching: LHP Rafael Silva
|
|
Batting: SHB Quido van Erp
|
0-0: Ball 1-0: Ball 2-0: Called Strike 2-1: Swinging Strike 2-2: Ball 3-2: Base on Balls
|
Batting: RHB Josh Lyon
|
0-0: Ball 1-0: SINGLE (Groundball, 6MD, EV 103.1 MPH) Quido van Erp to second Runner from 2nd tries for 3rd, SAFE, throw by CF made to third
|
Batting: RHB Jorge Benites
|
0-0: Ball 1-0: Foul Ball, location: 2F 1-1: Called Strike 1-2: Ball 2-2: Fly out, F8 (Line Drive, 8LM, EV 96.2 MPH) Runner from 3rd tags up, SCORES, throw by CF
|
Batting: LHB Chris Raymond
|
0-0: Ground out U3 (Groundball, 13, EV 83.1 MPH) Josh Lyon to second
|
Batting: RHB Bryan Wheeler
|
0-0: Intentional Walk
|
Batting: SHB Josh Conner
|
0-0: Called Strike 0-1: Ball 1-1: Ball 2-1: Ball 3-1: Foul Ball, location: 2F 3-2: Fly out, F8 (Flyball, 89D, EV 103.1 MPH)
|
Bottom of the 8th over - 1 run, 1 hit, 0 errors, 2 left on base; Harrisburg 0 - Springfield 1 |
TOP OF THE 9TH |
Harrisburg Senators batting - Pitching for Springfield Cardinals : RHP Perry Cashwell
|
Pitching: RHP Cory Viola
|
|
Now at 1B: John Parra
|
|
Batting: RHB Haykuhi Kagramanian
|
0-0: Ball 1-0: Called Strike 1-1: Ball 2-1: Ground out 6-3 (Groundball, 6D, EV 110.0 MPH)
|
Batting: RHB Kevin Wick
|
0-0: Ball 1-0: Ball 2-0: Ball 3-0: Base on Balls
|
Batting: LHB Ben Montgomery
|
0-0: Ball 1-0: Ground out 5-3 (Groundball, 56, EV 110.6 MPH) Kevin Wick to second
|
Batting: LHB Sidney Pedder
|
0-0: Ball 1-0: Ball 2-0: Ball 3-0: Base on Balls
|
Batting: RHB Donovan Auclair
|
0-0: Ball 1-0: Foul Ball, location: 2F 1-1: Ball 2-1: Called Strike 2-2: Ball 3-2: Foul Ball, location: 2F 3-2: Foul Ball, location: 2F 3-2: Base on Balls Kevin Wick to third Sidney Pedder to second
|
Batting: RHB Deshawn Boseman
|
0-0: Foul Ball, location: 2F 0-1: Ball 1-1: Ball 2-1: DOUBLE (Groundball, 3L, EV 110.6 MPH) Kevin Wick scores Sidney Pedder scores Donovan Auclair to third Runner from 3rd tries for Home, SAFE, throw by RF to trailing runner, SAFE at third!
|
Batting: RHB Rene Montoya
|
0-0: Called Strike 0-1: Swinging Strike 0-2: Ball 1-2: Strikes out looking
|
Top of the 9th over - 3 runs, 1 hit, 0 errors, 1 left on base; Harrisburg 3 - Springfield 1 |
BOTTOM OF THE 9TH |
Springfield Cardinals batting - Pitching for Harrisburg Senators : LHP Rafael Silva
|
Pitching: LHP James Knapp
|
|
Now at 1B: Tony Madrigal
|
|
Batting: RHB Chris Simmons
|
0-0: Ball 1-0: Ball 2-0: Called Strike 2-1: Ball 3-1: Base on Balls
|
Batting: RHB Daniel Samano
|
0-0: Fly out, F5 (Popup, 56S, EV 75.0 MPH)
|
Pinch Hitting: RHB Javier Ochoa
|
0-0: Ball 1-0: Ball 2-0: Grounds into double play, 5-4-3 (Groundball, 56S, EV 83.8 MPH)
|
Bottom of the 9th over - 0 runs, 0 hits, 0 errors, 0 left on base; Harrisburg 3 - Springfield 1 |
|